 Dungeon Crawl Stone Soup version 0.29-a0-359-g541a27f54d (webtiles) character file.

Game seed: 6188773835164827717

13478 Antichthon the Covert (level 11, -6/53 HPs)
             Began as a Spriggan Enchanter on Apr 28, 2022.
             Was an Elder of Dithmenos.
             Mangled by a harpy simulacrum (10 damage)
             ... in an ice cave.
             The game lasted 00:34:13 (11802 turns).

Antichthon the Covert (Spriggan Enchanter)         Turns: 11802, Time: 00:34:14

Health: -6/53      AC:  8    Str:  4    XL:     11   Next: 76%
Magic:  23/23      EV: 21    Int: 20    God:    Dithmenos [****..]
Gold:   1483       SH:  0    Dex: 20    Spells: 19/24 levels left

rFire   x . .      SeeInvis +   a - +1 dagger (spect)
rCold   + . .      Faith    .   (no shield)
rNeg    . . .      Spirit   .   G - +0 troll leather armour
rPois   .          Reflect  .   i - +0 hat "Jur Ipto" {Rampage Regen+ Int+3 Stlth-}
rElec   .          Harm     .   (no cloak)
rCorr   .          Rampage  +   (gloves unavailable)
Will    +....                   (boots unavailable)
Stlth   +++++++...              v - amulet of regeneration
HPRegen 2.57/turn               E - +4 ring of protection
MPRegen 0.18/turn               r - ring of ice

@: wreathed by umbra, studying Axes, very quick
A: very small, no large weapons, unfitting armour, see invisible, speed 3
a: Renounce Religion, Shadow Step


You were in an ice cave.
You worshipped Dithmenos.
Dithmenos was greatly pleased with you.
You visited 2 branches of the dungeon, and saw 12 of its levels.
You also visited: Bailey and Ice Cave.

You collected 1483 gold pieces.

Inventory:

Hand Weapons
 a - a +1 spectral dagger (weapon)
Armour
 b - +0 acid dragon scales
 i - the +0 hat "Jur Ipto" (worn) {Rampage Regen+ Int+3 Stlth-}
   (You acquired it on level 3 of the Dungeon)

   Int:       It affects your intelligence (+3).
   Regen:     It increases your rate of health regeneration.
   Rampage:   It bestows one free step when moving towards enemies.
   Stlth:     It makes you less stealthy.
 G - a +0 troll leather armour (worn)
Jewellery
 j - a +6 ring of dexterity
 r - a ring of ice (right hand)
 v - an amulet of regeneration (around neck)
 w - a ring of positive energy
 E - a +4 ring of protection (left hand)
Wands
 z - a wand of polymorph (4)
 A - a wand of iceblast (4)
 B - a wand of charming (3)
Scrolls
 d - a scroll of silence {unknown}
 h - 2 scrolls of fog
 l - 2 scrolls of immolation
 m - 2 scrolls of summoning
 n - 3 scrolls of enchant weapon {unknown}
 o - 2 scrolls of amnesia
 q - a scroll of torment {unknown}
 t - 3 scrolls of teleportation
 y - a scroll of fear {unknown}
 C - a scroll of noise {unknown}
 D - a scroll of magic mapping {unknown}
 F - a scroll of vulnerability
Potions
 c - 4 potions of invisibility
 e - 3 potions of curing
 f - 3 potions of brilliance
 g - 3 potions of magic
 k - 2 potions of haste
 p - a potion of might
 s - a potion of degeneration {unknown}
 u - 3 potions of ambrosia
 x - a potion of flight
 H - a potion of mutation {unknown}


   Skills:
 * Level 4.2 Fighting
 * Level 8.0 Short Blades
 * Level 2.9 Armour
 * Level 8.4 Dodging
 * Level 14.1 Stealth
 * Level 4.0 Shields
 * Level 7.4 Spellcasting
 * Level 7.8 Hexes
 * Level 5.2 Invocations
 * Level 6.8 Evocations


You had 19 spell levels left.
You knew the following spells:

 Your Spells              Type           Power      Damage    Failure   Level
a - Ensorcelled Hibernat  Hex/Ice        68%        N/A       4%          2
b - Confusing Touch       Hex            38%        N/A       1%          3

Your spell library contained the following spells:

 Spells                   Type           Power      Damage    Failure   Level
 Tukima's Dance           Hex            38%        N/A       1%          3
 Dazzling Flash           Conj/Hex       46%        N/A       10%         3
 Animate Skeleton         Necr           14%        N/A       16%         1
 Apportation              Tloc           14%        N/A       16%         1
 Freeze                   Ice            44%        1d6       16%         1
 Sandblast                Erth           14%        2d6       16%         1
 Summon Small Mammal      Summ           28%        N/A       16%         1
 Passwall                 Tmut/Erth      5%         N/A       24%         2
 Frozen Ramparts          Ice            22%        1d4       43%         3
 Ignite Poison            Fire/Tmut/Pois 7%         N/A       43%         3
 Mephitic Cloud           Conj/Pois/Air  7%         N/A       43%         3
 Stone Arrow              Conj/Erth      14%        3d7       43%         3
 Yara's Violent Unravell  Hex/Tmut       11%        3d6       65%         5
 Dispel Undead            Necr           7%         3d8       83%         4
 Hailstorm                Conj/Ice       11%        3d5       83%         4
 Freezing Cloud           Conj/Ice/Air   5%         6-21      99%         5
 Enfeeble                 Hex            19%        N/A       99%         7
 Simulacrum               Ice/Necr       5%         N/A       100%        6


Dungeon Overview and Level Annotations

Branches:
Dungeon (11/15)            Temple (1/1) D:6            Lair (0/6) D:11
    Orc (0/2) D:10         Bailey (visited)           IceCv (1/1)

Altars:
Ashenzari
Cheibriados
Dithmenos
Elyvilon
Fedhas
Gozag
Hepliaklqana
Kikubaaqudgha
Makhleb
Nemelex Xobeh
Okawaru
Qazlal
Ru
Sif Muna
Trog
Uskayaw
Vehumet
Wu Jian
Xom
Yredelemnul
Zin
The Shining One
Beogh

Shops:
D:6 *   D:7 (

Annotations:
D:6 1 runed translucent door, Antichthon's ghost, novice NaWr
D:10 3 runed translucent doors, rabbitsville's ghost, journeyman TrTm


Innate Abilities, Weirdness & Mutations

You are very small and have problems with some larger weapons.
You are too small for most types of armour.
You have supernaturally acute eyesight. (SInv)
You cover ground extremely quickly. (Speed+++)


Message History

You rampage towards the death yak simulacrum!
You rampage towards the death yak simulacrum!
The helpless death yak simulacrum fails to defend itself.
You stick the death yak simulacrum like a pincushion!!!!
The death yak simulacrum vaporises!
Dithmenos accepts your kill.
Really walk into that cloud of freezing vapour?
Okay, then.
You hit the harpy simulacrum.
The harpy simulacrum is lightly damaged.
Your +1 spectral dagger closely misses the harpy simulacrum.
The harpy simulacrum claws you. The harpy simulacrum freezes you. You resist.
The harpy simulacrum claws you! The harpy simulacrum freezes you! You resist.
The harpy simulacrum closely misses you.
The harpy simulacrum barely misses you.
You hit the harpy simulacrum.
The harpy simulacrum is lightly damaged.
Your shadow hits the harpy simulacrum with a dagger.
Your +1 spectral dagger hits the harpy simulacrum.
The harpy simulacrum claws your +1 spectral dagger.
The harpy simulacrum freezes your +1 spectral dagger!
Your +1 spectral dagger resists.
Your spectral weapon shares its damage with you!
The harpy simulacrum claws your +1 spectral dagger.
Your spectral weapon shares its damage with you!
The harpy simulacrum freezes your +1 spectral dagger!
Your +1 spectral dagger resists.
Your spectral weapon shares its damage with you!
You hit the harpy simulacrum.
The harpy simulacrum is severely damaged.
Your +1 spectral dagger hits the harpy simulacrum.
The harpy simulacrum claws you! The harpy simulacrum freezes you! You resist.
* * * LOW HITPOINT WARNING * * *
The harpy simulacrum barely misses you.
Unknown command.
The harpy simulacrum misses you. x2
The harpy simulacrum claws you!
* * * LOW HITPOINT WARNING * * *
The harpy simulacrum freezes you! You resist.
You die...

# # Z4 #### #. ###.#. ##.
###..... #.. ###.......
##.. ############.........
##.. ##)..##.........#.....
#..###[...@.......#.###....
#...##...Z.##..###### ##...
##..####...4##...# ####
###...###.###...#
##....###....##
###........## ###....###
######


You could see an ice devil (asleep) and a harpy simulacrum.

Vanquished Creatures
  A hydra (D:11)
  2 ice statues (IceCv)
  A kobold demonologist (D:10)
  An ice devil (IceCv)
  2 trolls
  5 shadows
  A wraith (D:10)
  30 yaks
  A death yak simulacrum (IceCv)
  3 steam dragons
  An acid dragon (D:8)
  A water moccasin (D:6)
  A sky beast (D:7)
  10 orc warriors
  2 ice beasts
  3 centaurs
  Blork the orc (D:4)
  7 kobold brigands
  3 bullfrogs (D:7)
  4 scorpions
  4 two-headed ogre simulacra (IceCv)
  8 wights
  24 killer bees
  5 howler monkeys
  5 hounds
  9 orc priests
  A gnoll shaman (D:6)
  An iguana (D:4)
  11 orc wizards
  A polar bear simulacrum (IceCv)
  A spriggan simulacrum (IceCv)
  A troll simulacrum (IceCv)
  7 gnolls
  4 adders
  A naga simulacrum (IceCv)
  2 shadow imps (D:7)
  2 white imps
  2 ufetubi
  3 worms
  2 dart slugs
  41 orcs
  6 bats
  6 endoplasms
  2 giant cockroaches
  8 goblins
  7 hobgoblins
  3 jackals (D:3)
  5 quokkas
  8 ball pythons
  5 frilled lizards
  16 kobolds
  7 rats
288 creatures vanquished.

Notes
Turn   | Place    | Note
-------+----------+-------------------------------------------
     0 | D:1      | Antichthon the Spriggan Enchanter began the quest for the
                  | Orb.
     0 | D:1      | Reached XP level 1. HP: 9/9 MP: 5/5
   633 | D:1      | Reached XP level 2. HP: 12/13 MP: 6/6
  1052 | D:1      | Reached skill level 5 in Stealth
  1348 | D:2      | Found a radiant altar of Vehumet.
  1422 | D:2      | Reached XP level 3. HP: 16/16 MP: 8/8
  1576 | D:2      | Identified the +1 pair of boots "Cayrgh" {Fly}
  1905 | D:2      | Reached skill level 1 in Evocations
  2783 | D:3      | Reached XP level 4. HP: 18/20 MP: 9/9
  3384 | D:3      | Identified a scroll of acquirement
  3384 | D:3      | Acquired the +0 hat "Jur Ipto" {Rampage Regen+ Int+3
                  | Stlth-}
  3575 | D:4      | Learned a level 2 spell: Ensorcelled Hibernation
  3579 | D:4      | Learned a level 3 spell: Confusing Touch
  3647 | D:4      | Noticed Blork the orc
  3657 | D:4      | Killed Blork the orc
  3658 | D:4      | Reached skill level 6 in Stealth
  3658 | D:4      | Reached XP level 5. HP: 25/25 MP: 5/10
  3759 | D:4      | You fall into a shaft and drop 3 floors!
  3794 | D:7      | Reached skill level 1 in Invocations
  3820 | D:7      | Found an opulent altar of Gozag.
  3832 | D:6      | Noticed an orc warrior
  3838 | D:6      | Noticed a water moccasin
  4062 | D:6      | Found a runed translucent door.
  4062 | D:6      | Noticed Antichthon's ghost (novice NaWr)
  4086 | D:5      | Entered Level 5 of the Dungeon
  4278 | D:4      | Reached XP level 6. HP: 19/29 MP: 12/12
  4571 | D:4      | Reached skill level 1 in Fighting
  4571 | D:4      | Reached skill level 7 in Stealth
  4721 | D:5      | Noticed a steam dragon
  4726 | D:5      | Killed a steam dragon
  4727 | D:5      | Reached skill level 1 in Shields
  4727 | D:5      | Reached XP level 7. HP: 33/33 MP: 13/13
  4841 | D:5      | Noticed a shadow
  4854 | D:5      | Killed a shadow
  4929 | D:5      | Got the Guide on Quantum Dark Arts
  5084 | D:5      | Reached skill level 8 in Stealth
  5343 | D:6      | Reached XP level 8. HP: 34/39 MP: 15/15
  5431 | D:6      | Reached skill level 5 in Hexes
  5558 | D:6      | Reached skill level 5 in Dodging
  5671 | D:6      | Found Losy Som's Lightly-Used Armoury.
  5816 | D:6      | Reached skill level 9 in Stealth
  6007 | D:6      | Found a staircase to the Ecumenical Temple.
  6014 | D:6      | Reached skill level 5 in Spellcasting
  6018 | Temple   | Entered the Ecumenical Temple
  6093 | Temple   | Became a worshipper of Dithmenos the Shadowed
  6745 | D:7      | Reached XP level 9. HP: 43/43 MP: 17/17
  6858 | D:7      | Reached skill level 5 in Short Blades
  6891 | D:6      | Reached skill level 10 in Stealth
  7000 | D:7      | Reached * piety under Dithmenos
  7143 | D:7      | Found Naylem's Weapon Shoppe.
  7517 | D:8      | Found a flagged portal.
  7593 | Bailey   | Entered a bailey
  7818 | Bailey   | Reached ** piety under Dithmenos
  7822 | Bailey   | Reached skill level 11 in Stealth
  7827 | Bailey   | Reached skill level 1 in Armour
  7827 | Bailey   | Reached skill level 5 in Evocations
  7881 | Bailey   | Found a burning altar of Makhleb.
  8050 | D:8      | Reached XP level 10. HP: 49/49 MP: 20/20
  8946 | D:8      | Reached *** piety under Dithmenos
  8971 | D:9      | Reached skill level 12 in Stealth
  9599 | D:10     | Entered Level 10 of the Dungeon
  9743 | D:10     | Reached XP level 11. HP: 49/53 MP: 14/22
  9797 | D:10     | Identified the +6 war axe of Trauma {flame, *Slow rN+++
                  | Will+++ Str-2}
  9851 | D:10     | Found a staircase to the Orcish Mines.
  9934 | D:10     | Reached skill level 13 in Stealth
 10214 | D:10     | Reached **** piety under Dithmenos
 10413 | D:10     | Found a runed translucent gate.
 10456 | D:10     | Found a runed translucent gate.
 10585 | D:10     | Found a runed translucent gate.
 10586 | D:10     | Noticed rabbitsville's ghost (journeyman TrTm)
 10760 | D:10     | Reached skill level 5 in Invocations
 10933 | D:11     | Noticed a six-headed hydra
 10953 | D:11     | Killed a six-headed hydra
 10982 | D:11     | Noticed a death yak
 11029 | D:11     | Found a staircase to the Lair.
 11061 | D:11     | Found the +6 shillelagh "Devastator" {shatter}
 11098 | D:11     | Noticed a death yak
 11176 | D:11     | Found a frozen archway.
 11189 | IceCv    | Entered an ice cave
 11624 | IceCv    | Reached skill level 14 in Stealth
 11802 | IceCv    | Mangled by a harpy simulacrum

Illustrated notes

Levels and vault maps discovered:
D:1:      evilmike_arrival_fibonacci_small, layout_basic,
          hangedman_abyss_or_decor_stabs, nicolae_wormholes
D:2:      layout_basic, basic_altar
D:3:      layout_basic
D:4:      layout_gridville, kennysheep_generic_room_13, uniq_blork_the_orc
D:5:      layout_cave_pools, minmay_circle_x
D:6:      layout_basic, minmay_temple_entry_hall,
          hellmonk_ghost_happy_afterlife, st_stairs_8, minmay_shop_damaged
D:7:      layout_basic, nicolae_gozag_seed_capital, serial_shops,
          nicolae_shop_temple_entry_statues_fountains
D:8:      layout_loops_ring, enter_bailey_5, special_room [special_room_orc],
          minmay_statues_item, kennysheep_generic_room_14
D:9:      layout_irregular_city, grunt_decor_one_mirror
D:10:     layout_basic, orc_0_dummy, ebering_ghost_rock_garden, st_stairs_9,
          abandoned_shop, feat_on_display
D:11:     layout_stronghold, dpeg_lair_monsters,
          portal_ice_cave_entry_pillars_1, zin_statuary, uniq_fannar
Temple:   regret_index_temple_sigil_plot
IceCv:    ice_cave_small_demon

Skill      XL: |  1  2  3  4  5  6  7  8  9 10 11 |
---------------+----------------------------------+-----
Hexes          | 4 5 6 7 |  7.8
Stealth        | 5 6 7 8 9 11 12 14 | 14.1
Evocations     | 1 2 3 4 5 6 |  6.8
Spellcasting   | 3 4 5 6 7 |  7.4
Dodging        | 3 4 5 6 7 8 |  8.4
Short Blades   | 2 3 4 6 7 8 |  8.0
Invocations    | 1 2 3 4 5 |  5.2
Fighting       | 1 2 3 4 |  4.2
Shields        | 1 2 3 4 |  4.0
Armour         | 1 2 |  2.9

Action                   |  1- 3 |  4- 6 |  7- 9 | 10-12 || total
-------------------------+-------+-------+-------+-------++-------
Melee: Dagger            |   108 |    83 |   429 |   766 ||  1386
       Punch             |     1 |       |     7 |    20 ||    28
 Cast: Ensorcelled Hiber |       |     2 |    19 |    31 ||    52
       Confusing Touch   |       |       |     7 |     5 ||    12
  Use: Scroll            |     9 |     5 |     1 |     3 ||    18
       Potion            |       |     1 |     2 |     2 ||     5
 Stab: Sleeping          |    20 |     5 |    17 |    28 ||    70
       Distracted        |     1 |     3 |    11 |    25 ||    40
       Confused          |       |       |     7 |     4 ||    11
Armor: Robe              |     4 |     4 |     6 |       ||    14
       Acid dragon scale |       |       |     9 |    33 ||    42
       Troll leather arm |       |       |       |    12 ||    12
Dodge: Dodged            |    55 |    51 |   301 |   455 ||   862

Table legend: (Time is in decaauts)
 A = Elapsed time spent in this place.
 B = Non-inter-level travel time spent in this place.
 C = Inter-level travel time spent in this place.
 D = Time resting spent in this place.
 E = Time spent auto-exploring this place.
 F = Levels seen in this place.
 G = Mean time per level.
                   A        B        C        D        E       F      G
               +--------+--------+--------+--------+--------+-----+--------+
         Total |   8234 |   8041 |    193 |    373 |   4694 |  14 |  588.1 |
       Dungeon |   7392 |   7212 |    180 |    272 |   4489 |  11 |  672.0 |
        Temple |    158 |    145 |     13 |      0 |    132 |   1 |  158.0 |
        Bailey |    271 |    271 |      0 |     48 |     46 |   1 |  271.0 |
      Ice Cave |    412 |    412 |      0 |     53 |     25 |   1 |  412.0 |
               +--------+--------+--------+--------+--------+-----+--------+

Top non-repeatable levels by time:
     D:1: 1067 daAuts
     D:6: 976 daAuts
     D:3: 878 daAuts
     D:8: 866 daAuts
    D:10: 808 daAuts
     D:4: 687 daAuts
     D:2: 567 daAuts
     D:9: 506 daAuts
   IceCv: 412 daAuts
     D:5: 407 daAuts
     D:7: 392 daAuts
  Bailey: 271 daAuts
    D:11: 234 daAuts
  Temple: 158 daAuts
